 Dungeon Crawl Stone Soup version 0.21-a0-426-g98080a9 (webtiles) character file.

142 Ijustatesigmund the Sneak (level 5, -1/35 HPs)
             Began as an Octopode Enchanter on Nov 7, 2017.
             Was an Initiate of Okawaru.
             Shot with an arrow by a centaur (11 damage)
             ... on level 3 of the Dungeon.
             The game lasted 00:09:40 (2361 turns).

Ijustatesigmund the Sneak (Octopode Enchanter)      Turns: 2361, Time: 00:09:40

Health: -1/35      AC:  1    Str:  8    XL:     5   Next: 24%
Magic:  2/8        EV: 13    Int: 17    God:    Okawaru [......]
Gold:   52         SH:  0    Dex: 13    Spells: 2/8 levels left

rFire    . . .     SeeInvis .   a - +2 dagger
rCold    . . .     Gourm    .   (no shield)
rNeg     . . .     Faith    .   (helmet restricted)
rPois    .         Spirit   .   h - amulet of regeneration
rElec    .         Reflect  .   (no ring)
rCorr    .         Harm     .   (no ring)
MR       .....                  (no ring)
Stlth    +++.......             (no ring)
HPRegen  0.51/turn              (no ring)
MPRegen  0.11/turn              (no ring)
                                (no ring)
                                (no ring)

@: lethally poisoned (-1 -> -1)
A: almost no armour, stealthy swim, amphibious, 8 rings, constrict 8, camouflage
1, gelatinous body 1
a: Renounce Religion


You were on level 3 of the Dungeon.
You worshipped Okawaru.
Okawaru was noncommittal.
You were not hungry.

You visited 1 branch of the dungeon, and saw 3 of its levels.

You collected 52 gold pieces.

Inventory:

Hand Weapons
 a - a +2 dagger (weapon)
 j - a +3 short sword
Jewellery
 e - an uncursed amulet of rage
 h - an amulet of regeneration (around mantle)
Potions
 f - 2 potions of brilliance
Books
 b - a book of Maledictions

   Spells                             Type                      Level
   a - Corona                         Hexes                        1
   b - Ensorcelled Hibernation        Hexes/Ice                    2
   c - Confuse                        Hexes                        3
   d - Tukima's Dance                 Hexes                        3
   e - Dazzling Spray                 Conjuration/Hexes            3
Comestibles
 c - 2 bread rations
 d - a chunk of flesh
 g - 4 meat rations


   Skills:
 + Level 2.6 Fighting
 + Level 3.0 Short Blades
 - Level 2.0 Dodging
 - Level 4.0 Stealth
 - Level 2.0 Spellcasting
 - Level 3.0 Hexes
 - Level 1.5 Ice Magic
 + Level 1.4 Invocations


You had 2 spell levels left.
You knew the following spells:

 Your Spells              Type           Power        Failure   Level  Hunger
a - Corona                Hex            ##.....      5%          1    #......
b - Ensorcelled Hibernat  Hex/Ice        #.....       12%         2    ###....
c - Dazzling Spray        Conj/Hex       #.....       30%         3    ###....


Dungeon Overview and Level Annotations

Branches:
Dungeon (3/15)

Altars:
Cheibriados
Okawaru
Uskayaw
Vehumet


Innate Abilities, Weirdness & Mutations

You cannot wear most types of armour.
You are very stealthy in the water. (Stealth+)
You are amphibious.
You can wear up to eight rings at the same time.
You can use your tentacles to constrict eight enemies at once.
Your skin changes colour to match your surroundings (Stealth+).
Your rubbery body absorbs attacks. (AC +1, EV +1)


Message History

You are feeling hungry.
You feel sick.
d - 2 chunks of flesh You start resting.
Eating one of 2 chunks of flesh.
You eat one of the 2 chunks of flesh.
This raw flesh tastes terrible.
You feel sick. x3
A centaur is nearby!
A centaur is nearby!
The centaur shouts!
The centaur wields a shortbow.
The centaur shoots an arrow.
The arrow hits you!
The centaur shoots an arrow.
The arrow closely misses you.
You see here 2 arrows.
You feel sick.
Your magical contamination has completely faded away.
The centaur shoots an arrow.
The arrow hits you.
* * * LOW HITPOINT WARNING * * *
There is a stone staircase leading down here.
You see here an arrow.
You open the door.
The centaur shoots an arrow.
The arrow hits you!
You die...

### #). #.# PP
#.# .... #.#
..# #.# #.###P
#######'##.....
#......@.....#
#....?.......#
#......(.....#
.............#
..........†♣♣♣
♣♣........♣♣P♣♣
♣##....?#♣♣..♣♣
#c..#.♣♣♣.P.♣
#...♣.♣♣.†..♣
.#


You could see a centaur.

Vanquished Creatures
  4 gnolls (D:2)
  5 adders
  An ooze (D:1)
  A worm (D:3)
  2 dart slugs
  4 leopard geckos
  A giant cockroach (D:2)
  4 hobgoblins
  3 kobolds
  2 quokkas (D:2)
  A ball python (D:2)
  6 bats
  2 frilled lizards
  6 goblins
  9 rats
51 creatures vanquished.

Notes
Turn   | Place    | Note
-------+----------+-------------------------------------------
     0 | D:1      | Ijustatesigmund the Octopode Enchanter began the quest for the Orb.
     0 | D:1      | Reached XP level 1. HP: 11/11 MP: 3/3
   251 | D:1      | Reached skill level 1 in Fighting
   251 | D:1      | Reached XP level 2. HP: 18/18 MP: 5/5
   255 | D:1      | Learned a level 2 spell: Ensorcelled Hibernation
   819 | D:2      | Found a radiant altar of Vehumet.
   855 | D:2      | Reached XP level 3. HP: 19/23 MP: 6/6
   898 | D:2      | Reached skill level 1 in Ice Magic
  1124 | D:2      | Learned a level 3 spell: Dazzling Spray
  1341 | D:2      | Found an iron altar of Okawaru.
  1346 | D:2      | Reached XP level 4. HP: 23/29 MP: 7/7
  1415 | D:2      | Became a worshipper of Warmaster Okawaru
  1453 | D:2      | Found a snail-covered altar of Cheibriados.
  1561 | D:3      | Found a hide-covered altar of Uskayaw.
  1561 | D:3      | Noticed a dagger
  1561 | D:3      | Noticed a hand axe
  1561 | D:3      | Noticed a centaur
  1986 | D:2      | Reached skill level 1 in Invocations
  1995 | D:2      | Reached XP level 5. HP: 24/35 MP: 2/8
  2361 | D:3      | Shot with an arrow by a centaur

Vault maps used:
D:1:      dpeg_arrival_three_same_balls
D:2:      lemuel_doored_altar, lemuel_round_altar, first_bread, okawaru_trees_1
D:3:      dancing_weapons_uskayaw, serial_forest, infiniplex_forest_straight_3,
          infiniplex_forest_fountain, infiniplex_forest_clump_cross,
          infiniplex_forest_fountain, infiniplex_forest_zigzag_1,
          infiniplex_forest_side_room, uniq_terence

Skill      XL: |  1  2  3  4  5 |
---------------+----------------+-----
Fighting       | 1 2 |  2.6
Short Blades   | 2 3 |  3.0
Ice Magic      | 1 |  1.5
Invocations    | 1 |  1.4
Dodging        | |  2.0
Stealth        | |  4.0
Spellcasting   | |  2.0
Hexes          | |  3.0

Action                   |  1- 3 |  4- 6 || total
-------------------------+-------+-------++-------
Melee: Dagger            |    64 |    41 ||   105
       Constrict         |    15 |     7 ||    22
       Tentacles         |    11 |     8 ||    19
 Cast: Ensorcelled Hiber |     3 |    12 ||    15
       Corona            |       |     1 ||     1
  Use: Scroll            |    12 |     2 ||    14
       Potion            |       |     5 ||     5
 Stab: Sleeping          |    12 |     7 ||    19
       Distracted        |       |     1 ||     1
  Eat: Chunk             |     1 |     3 ||     4
       Royal jelly       |       |     1 ||     1
Armor: Skin              |     8 |       ||     8
Dodge: Dodged            |    33 |    38 ||    71

Table legend:
 A = Spawn XP
 B = Non-spawn XP
 C = Spawn XP percentage of total XP
 D = Spawn monster count
 E = Non-spawn monster count
 F = Spawn count percentage of total count
 G = Total turns spent on level
                    A         B        C        D         E        F      G
               +---------+---------+-------+---------+---------+-------+---------
         Total |       0 |     203 |   0.0 |       0 |      51 |   0.0 |  2361
               +---------+---------+-------+---------+---------+-------+---------
           D:1 |       0 |      30 |   0.0 |       0 |      15 |   0.0 |   787
           D:2 |       0 |     137 |   0.0 |       0 |      31 |   0.0 |  1454
           D:3 |       0 |      36 |   0.0 |       0 |       5 |   0.0 |   120
               +---------+---------+-------+---------+---------+-------+---------
